 Dungeon Crawl Stone Soup version 0.28.0-49-g6dfe1f597d (webtiles) character file.

Game seed: 125844439789171066

973 Peloso the Slasher (level 7, -6/61 HPs)
             Began as a Minotaur Fighter on May 18, 2022.
             Splashed by a jelly's acid (8 damage)
             ... on level 6 of the Dungeon.
             The game lasted 00:08:11 (5880 turns).

Peloso the Slasher (Minotaur Fighter)               Turns: 5880, Time: 00:08:13

Health: -6/61      AC: -3    Str: 20    XL:     7   Next: 94%
Magic:  6/6        EV:  6    Int:  5    God:
Gold:   175        SH:  9    Dex: 12    Spells: 6/6 levels left

rFire   . . .      SeeInvis .   a - +0 long sword
rCold   . . .      Faith    .   e - +0 kite shield
rNeg    . . .      Spirit   .   u - +0 chain mail
rPois   .          Reflect  .   (helmet restricted)
rElec   .          Harm     .   (no cloak)
rCorr   .          Rampage  .   r - +0 pair of gloves
Will    .....                   m - +0 pair of boots
Stlth   ..........              (no amulet)
HPRegen 0.20/turn               (no ring)
MPRegen 0.10/turn               (no ring)

@: corroded
A: horns 2, retaliatory headbutt
a: no special abilities


You were on level 6 of the Dungeon.
You visited 1 branch of the dungeon, and saw 6 of its levels.

You collected 175 gold pieces.

Inventory:

Hand Weapons
 a - a +0 long sword (weapon)
 b - a +1 dagger of flaming
Armour
 c - a +0 scale mail
 e - a +0 kite shield (worn)
 m - a +0 pair of boots (worn)
 r - a +0 pair of gloves (worn)
 u - a +0 chain mail (worn)
Jewellery
 j - a ring of ice
 k - a ring of see invisible
Wands
 s - a wand of polymorph (7)
 y - a wand of paralysis (18)
Scrolls
 f - a scroll of teleportation {unknown}
 g - a scroll of vulnerability {unknown}
 h - 2 scrolls of immolation {unknown}
 l - 2 scrolls of enchant weapon {unknown}
 q - a scroll of fear {unknown}
 v - 2 scrolls of enchant armour {unknown}
 x - 2 scrolls of identify {unknown}
Potions
 d - a potion of might
 i - a potion of haste {unknown}
 n - a potion of attraction {unknown}
 o - a potion of curing {unknown}
 p - a potion of mutation {unknown}
 t - a potion of ambrosia {unknown}
 w - a potion of heal wounds
 z - a potion of brilliance {unknown}


   Skills:
 + Level 5.2 Fighting
 + Level 7.4 Long Blades
 + Level 6.3 Armour
 + Level 1.9 Dodging
 + Level 1.1 Stealth
 + Level 5.5 Shields


You had 6 spell levels left.
You didn't know any spells.
Your spell library contained the following spells:

 Spells                   Type           Power      Damage    Failure   Level
 Airstrike                Air            0%         N/A       100%        4
 Summon Lightning Spire   Summ/Air       0%         N/A       100%        4
 Lightning Bolt           Conj/Air       0%         1d11      100%        5
 Malign Gateway           Summ/Tloc      0%         N/A       100%        7
 Summon Horrible Things   Summ           0%         N/A       100%        8


Dungeon Overview and Level Annotations

Branches:
Dungeon (6/15)             Temple (0/1) D:5

Altars:
Cheibriados
Dithmenos
Elyvilon
Makhleb
Wu Jian

Shops:
D:3 *   D:4 [   D:6 :


Innate Abilities, Weirdness & Mutations

You have a pair of horns on your head.
You reflexively headbutt those who attack you in melee.


Message History

Key pressed, stopping explore.
v - 2 scrolls labelled PUFACV KEONISO (gained 1)
An electric eel comes into view.
The electric eel shoots out a bolt of lightning at you!
The bolt of electricity hits you!
You enter the shallow water.
Moving in this stuff is going to be slow.
The electric eel shoots out a bolt of lightning at you!
The bolt of electricity hits you!
The electric eel shoots out a bolt of lightning at you!
The bolt of electricity hits you!
A jelly comes into view.
The jelly quivers.
You hit the jelly. The acid corrodes you!
Your hands burn!
The jelly is lightly wounded.
The jelly hits you but does no damage.
You hit the jelly but do no damage.
Your hands burn!
The jelly is lightly wounded.
The jelly closely misses you.
You hit the jelly.
Your hands burn!
Your headbutt misses the jelly.
The jelly is moderately wounded.
The jelly hits you but does no damage.
You slash the jelly!
Your hands burn!
The jelly is severely wounded.
The jelly hits you but does no damage. x2
You hit the jelly. The acid corrodes you!
Your hands burn!
The jelly is severely wounded.
The jelly hits you.
You are splashed with acid!
You hit the jelly but do no damage. The acid corrodes you!
Your hands burn!
The jelly is severely wounded.
The jelly hits you. The acid corrodes you!
You are splashed with acid!
* * * LOW HITPOINT WARNING * * *
You hit the jelly but do no damage.
Your hands burn!
* * * LOW HITPOINT WARNING * * *
Your headbutt misses the jelly.
The jelly is severely wounded.
The jelly hits you.
* * * LOW HITPOINT WARNING * * *
You are splashed with acid!
You die...

####...####.# .. #∩.)..#
##.# ..#. ...
###.....###........#..##
..#.......#.##..#......
#.#.....#.#.#.....#..##
#.#.....#.............
#.#######...#...#...
...# #...##.##J# #..#
#.#.....@.##.## ...#
#...............
.#.########.#####.......
.#.##.....#.# .######
.#.##<###.#.# ..
...##.#.....# .####
........#.####..#
#####............
#..≈≈÷≈.≈≈≈≈≈


You could see a jelly.

Vanquished Creatures
  A sky beast (D:5)
  2 black bears
  A phantom (D:6)
  3 scorpions
  An electric eel (D:6)
  2 centaur zombies
  2 jellies
  A centaur skeleton (D:5)
  An orc priest (D:5)
  A bullfrog skeleton (D:5)
  3 gnolls (D:5)
  7 adders
  2 ufetubi
  An adder skeleton (D:4)
  3 worms (D:2)
  5 dart slugs
  7 orcs
  5 ball pythons
  6 endoplasms
  2 giant cockroaches
  4 goblins
  5 hobgoblins
  2 jackals (D:5)
  7 quokkas
  3 bats
  2 frilled lizards (D:3)
  4 kobolds
  8 rats
91 creatures vanquished.

Notes
Turn   | Place    | Note
-------+----------+-------------------------------------------
     0 | D:1      | Peloso the Minotaur Fighter began the quest for the Orb.
     0 | D:1      | Reached XP level 1. HP: 19/19 MP: 0/0
   211 | D:1      | Reached XP level 2. HP: 27/27 MP: 1/1
   803 | D:2      | Reached XP level 3. HP: 18/33 MP: 2/2
   990 | D:2      | Reached skill level 3 in Long Blades
  1614 | D:2      | Reached XP level 4. HP: 38/40 MP: 3/3
  1987 | D:3      | Found Exicvo's Assorted Antiques.
  2005 | D:3      | Found a shadowy altar of Dithmenos.
  2139 | D:3      | Found a white marble altar of Elyvilon.
  2247 | D:3      | Found a burning altar of Makhleb.
  2342 | D:3      | Reached skill level 4 in Long Blades
  2342 | D:3      | Reached XP level 5. HP: 43/47 MP: 4/4
  2952 | D:4      | Reached skill level 1 in Dodging
  3110 | D:4      | Found Faycziech's Antique Armour Boutique.
  3338 | D:4      | Reached skill level 5 in Long Blades
  3338 | D:4      | Reached XP level 6. HP: 39/53 MP: 5/5
  3714 | D:4      | Reached skill level 5 in Armour
  4083 | D:5      | Entered Level 5 of the Dungeon
  4119 | D:5      | Identified the +3 halberd of Xyoxoit {vorpal, Contam rC+
                  | Str+3 Int+9}
  4188 | D:5      | Noticed a sky beast
  4205 | D:5      | Killed a sky beast
  4422 | D:5      | Found an ornate altar of the Wu Jian Council.
  4461 | D:5      | Found a staircase to the Ecumenical Temple.
  4562 | D:5      | Reached skill level 5 in Shields
  4562 | D:5      | Reached XP level 7. HP: 36/60 MP: 6/6
  4794 | D:5      | Reached skill level 6 in Long Blades
  4820 | D:5      | Reached skill level 5 in Fighting
  4820 | D:5      | Reached skill level 1 in Stealth
  4866 | D:5      | Found a snail-covered altar of Cheibriados.
  5446 | D:6      | Found Ramoa's Book Shop.
  5455 | D:6      | Reached skill level 7 in Long Blades
  5880 | D:6      | HP: 2/61 [jelly (3)]
  5880 | D:6      | Splashed by a jelly's acid

Illustrated notes

Levels and vault maps discovered:
D:1:      saegor_arrival_simple_e, layout_loops_ring
D:2:      minmay_evil_eye, layout_basic, kennysheep_small_spiral
D:3:      layout_loops_ring, mainiacjoe_overflow_catwalk, elyvilon_altar_1,
          grunt_dithmenos_smoke, serial_shops, nicolae_shop_statue_plus
D:4:      layout_loops_corners, serial_shops, shop_statue
D:5:      layout_cave_pools, nzn_wu_jian_council_hall, kennysheep_slug_shrine,
          minmay_temple_entry_from_below_b
D:6:      layout_loops_cross, jmf_multi_god_temple, serial_shops, shop, shop,
          shop, nicolae_shop_hallway_plus, eino_small_chamber_without_monster,
          kennysheep_minor_cross, hangedman_decor_clover_reticule, minivault_14

Skill      XL: |  1  2  3  4  5  6  7 |
---------------+----------------------+-----
Armour         | 4 5 6 |  6.3
Fighting       | 4 5 |  5.2
Shields        | 4 5 |  5.5
Long Blades    | 3 4 5 7 |  7.4
Dodging        | 1 |  1.9
Stealth        | 1 |  1.1

Action                   |  1- 3 |  4- 6 |  7- 9 || total
-------------------------+-------+-------+-------++-------
Melee: Long sword        |    75 |   122 |    53 ||   250
       Headbutt          |    10 |    15 |    11 ||    36
  Use: Potion            |       |     1 |       ||     1
Armor: Scale mail        |    37 |    32 |       ||    69
       Chain mail        |       |    59 |    36 ||    95
Dodge: Dodged            |    37 |    43 |    11 ||    91
Block: Buckler           |    25 |    19 |       ||    44
       Kite shield       |       |    37 |    24 ||    61
